Unix NetHack Version 3.7.0-71 Work-in-progress - last build Jan 31 2023 02:41:03 (7ba98a1283f2b7cec35fde026edb48fc825ab8ae,branch:master). Game began 2023-02-06 12:54:32, ended 2023-02-06 13:23:11. Gandelf, neutral male human Monk --------- ----- ---------- ------- --.......------ ---%.<| .. . .. |.....| |..--.........|-.-.....| -.--|---|- |.._@.| |..|------.........|..-- |.-|.. |.. --- |..).%| |..| .---...%.-|.-- ---..-|---..----..| ------.+ ---@--- --).| .|.....[.*.|-- -+--........--.-.....-+---......| |f| --...- |(...|.---- |................--........----.| |.| ----..... |..----- -- --|--------..|-.......-- -.| --.---..1.... |..| |..[....[.| |....{... |.| -----.[.1.......- |.-- |%)/.[([%.| |.......- |.|---..1.%1.1...|...| |.| ----------- ---....------|.|-......---...------- --- ..|.. |..--.|...---..|...-|..|..| |.....|....-|..%..--|..|..| |-..........|-..-----%---|- |.......G...|.............. |..--.........---------.--+ ------.......-- |!((.|.| ---...--- |((..-.| ----- |((+.|-- ------ Gandelf the Initiate St:16 Dx:14 Co:13 In:10 Wi:14 Ch:8 Neutral S:5559 Dlvl:7 $:0 HP:0(51) Pw:47(47) AC:2 Xp:7/1167 T:2653 Burdened Latest messages: There is an owlbear corpse here, but you cannot lift any more. You destroy the manes! The manes turns to flee. You destroy the manes! What do you want to use or apply? [dknsuyzADLU or ?*] A You put an uncursed dusty spellbook into the bag. You put an uncursed white spellbook into the bag. What do you want to drop? [abdeg-ln-ptvyzA-FL-NP-RT-W or ?*] A You drop an uncursed bag containing 4 items. You have extreme difficulty lifting an owlbear corpse. Continue? [ynq] (q) y f - an owlbear corpse. You can barely move a handspan with this load! It is hit. What do you want to sacrifice? [f or ?*] f Your sacrifice is consumed in a plume of smoke! You have a hopeful feeling. Your movements are now unencumbered. A - an uncursed bag containing 4 items. You see here a white gem. m - a white gem. w - an uncursed spellbook of healing. There is nothing here to pick up. You have a little trouble lifting a blessed spellbook of confuse monster. Continue? [ynq] (q) y You have a little trouble lifting c - a blessed spellbook of confuse monster. You see here a raven corpse. Your movements are slowed slightly because of your load. What do you want to use or apply? [cdknwyzADLU or ?*] A You put a blessed spellbook of confuse monster into the bag. You put an uncursed spellbook of healing into the bag. You see here a crossbow. The panther hits! The panther hits! The panther bites! You hit the panther! The panther hits! The panther misses! The panther bites! You hit the panther! The panther hits! The panther just misses! The panther bites! The panther hits! The panther hits! The panther bites! You die... Do you want your possessions identified? [ynq] (y) y Do you want to see your attributes? [ynq] (y) y Do you want an account of creatures vanquished? [ynaq] (y) y Do you want to see your conduct and achievements? [ynq] (y) y Do you want to see the dungeon overview? [ynq] (y) y Inventory: Amulets Q - a cursed amulet versus poison (being worn) Armor a - an uncursed +2 pair of leather gloves (being worn) e - a blessed +0 pair of iron shoes (being worn) b - an uncursed +1 robe (being worn) Comestibles g - 5 uncursed apples o - 5 uncursed food rations i - 2 uncursed fortune cookies P - an uncursed fortune cookie h - 5 uncursed oranges t - an uncursed egg Scrolls C - a blessed scroll of amnesia V - an uncursed scroll of confuse monster W - a cursed scroll of enchant weapon F - an uncursed scroll of food detection v - 2 uncursed scrolls of remove curse Potions T - a cursed potion of healing E - an uncursed potion of object detection M - an uncursed potion of speed p - 4 uncursed potions of water Rings j - an uncursed ring of searching (on right hand) Wands n - a wand of lightning (0:3) d - a wand of magic missile (0:4) y - a wand of teleportation (0:4) Tools A - an uncursed sack containing 6 items U - a bag of tricks (0:1) D - a blessed brass lantern k - an uncursed credit card z - an uncursed towel L - an uncursed wax candle Gems/Stones B - 2 uncursed topaz stones N - 2 uncursed worthless pieces of black glass l - 3 uncursed worthless pieces of orange glass R - an uncursed worthless piece of red glass m - an uncursed worthless piece of white glass Contents of the sack: 581 gold pieces a blessed spellbook of confuse monster an uncursed spellbook of healing an uncursed spellbook of magic missile an uncursed spellbook of turn undead a +0 pick-axe Gandelf the Monk's attributes: Background: You were an Initiate, a level 7 male human Monk. You were neutral, on a mission for Chih Sung-tzu who was opposed by Shan Lai Ching (lawful) and Huan Ti (chaotic). You were in the Gnomish Mines, on level 7. You entered the dungeon 2653 turns ago. There was a full moon in effect when your adventure ended. You had 1167 experience points, 113 more were needed to attain level 8. Your score was 5559 before end-of-game adjustments. Basics: You had 0 out of 51 hit points. You had all 47 energy points (spell power). Your armor class was 2. Your wallet was empty, but you had 581 zorkmids stashed away in your pack. Autopickup was on for '$?!+/=' plus thrown. Final Characteristics: Your strength was 16 (limit:18/100). Your dexterity was 14 (limit:18). Your constitution was 13 (limit:18). Your intelligence was 10 (limit:18). Your wisdom was 14 (limit:18). Your charisma was 8 (limit:18). Final Status: You were not hungry. You were burdened; movement was slightly slowed. You were empty handed. You were skilled in martial arts. Final Attributes: You were piously aligned. You were sleep resistant. You were poison resistant. You saw invisible. You were telepathic. You were warned. You had automatic searching. You were stealthy. You were guarded. You were fast. You were lucky. You are dead. Miscellaneous: You never encountered a bones level. Total elapsed playing time was 28 minutes and 39 seconds. Major events: Turn 1: Gandelf the neutral male human Monk entered the dungeon 745: entered the Gnomish Mines 757: attained the rank of Novice (level 3) 1629: attained the rank of Initiate (level 6) 1679: reached Mine Town 2152: found Demonbane in a shop 2653: killed by a panther Vanquished creatures: a large mimic a small mimic a giant beetle an owlbear a yeti a dust vortex a raven 2 apes 2 Woodland-elves an imp a mountain nymph a fog cloud 6 gnome leaders a gnomish wizard 4 elf zombies a little dog 2 floating eyes a kitten 7 dwarves an orc zombie an iguana 11 killer bees an acid blob 2 hobbits 9 manes a large kobold 3 giant rats 22 gnomes 2 geckos 3 jackals a fox a kobold a goblin 6 grid bugs 5 lichens a kobold zombie 4 newts 111 creatures vanquished. No species were genocided or became extinct. Voluntary challenges: You never hit with a wielded weapon. You read items or engraved 2 times. You never engraved Elbereth. You never genocided any monsters. You never polymorphed an object. You never changed form. You used no wishes. Achievements: You entered the Gnomish Mines. You attained the rank of Novice. You attained the rank of Initiate. You entered Minetown. You entered a temple. You entered a shop. The Dungeons of Doom: levels 1 to 5 Level 1: Level 2: Level 3: Level 4: Some fountains. Stairs down to The Gnomish Mines. Level 5: The Gnomish Mines: levels 5 to 7 Level 5: Level 6: Level 7: <- You were here. Some shops, a temple to Chih Sung-tzu, a fountain. Final resting place for you, killed by a panther. Game over: ---------- / \ / REST \ / IN \ / PEACE \ / \ | Gandelf | | 581 Au | | killed by a | | panther | | | | | | 2023 | *| * * * | * _________)/\\_//(\/(/\)/\//\/|_)_______ Goodbye Gandelf the Monk... You died in The Gnomish Mines on dungeon level 7 with 5501 points, and 581 pieces of gold, after 2653 moves. You were level 7 with a maximum of 51 hit points when you died.